 Dungeon Crawl Stone Soup version 0.31.0-1-g2c135a0 (webtiles) character file.

Game seed: 12787974883174367766

13 jagoly the Trooper (level 2, -1/19 HPs)
             Began as a Gargoyle Monk on Feb 1, 2024.
             Slain by a ribbon worm (7 damage)
             ... on level 2 of the Dungeon.
             The game lasted 00:01:35 (329 turns).

jagoly the Trooper (Gargoyle Monk)                   Turns: 329, Time: 00:01:35

Health: -1/19      AC:  6    Str: 14    XL:     2   Next: 37%
Magic:  2/2        EV: 12    Int: 10    God:
Gold:   26         SH:  0    Dex: 12    Spells: 1/1 levels left

rFire   . . .        a - +0 hand axe
rCold   . . .        d - orb {light}
rNeg    + . .        b - +0 robe
rPois   ∞            (no helmet)
rElec   +            (no cloak)
rCorr   .            (no gloves)
SInv    .            g - +1 pair of boots
Will    .....        (no amulet)
Stlth   +            (no ring)
HPRegen 0.23/turn    (no ring)
MPRegen 0.08/turn

%: no passive effects
@: glowing
A: sickness immunity, AC +2, negative energy resistance 1, electricity
resistance, torment resistance 1, petrification resistance
a: no special abilities


You were on level 2 of the Dungeon.
You visited 1 branch of the dungeon, and saw 2 of its levels.

You collected 26 gold pieces.

Inventory:

Hand Weapons
 a - a +0 hand axe (weapon)
Missiles
 e - 10 stones (quivered)
 i - 2 throwing nets
Armour
 b - a +0 robe (worn)
 d - an orb of light (worn)
 g - a +1 pair of boots (worn)
Scrolls
 h - a scroll of teleportation {unknown}
 l - a scroll of noise {unknown}
 m - a scroll of brand weapon {unknown}
Potions
 c - a potion of ambrosia
 f - a potion of heal wounds {unknown}
 j - a potion of curing {unknown}
 k - a potion of lignification {unknown}


   Skills:
 + Level 3.4 Fighting
 * Level 3.0 Axes
 + Level 0.5 Armour
 + Level 2.5 Dodging
 + Level 0.8 Stealth


You had one spell level left.
You didn't know any spells.
Your spell library contained the following spells:

 Spells                   Type           Power      Damage    Failure   Level
 Dazzling Flash           Conj/Hex       0%         N/A       75%         3
 Volatile Blastmotes      Fire/Tloc      0%         2d10      75%         3
 Starburst                Conj/Fire      0%         6d3       100%        6
 Maxwell's Capacitive Co  Air            0%         ∞         100%        8


Dungeon Overview and Level Annotations

Branches:
Dungeon (2/15) Zot: 11664

Altars:


Innate Abilities, Weirdness & Mutations

You are immune to sickness and miasma.
Your stone body is resilient. (AC +2)
You are immune to poison.
You resist negative energy. (rN+)
You are resistant to electric shocks. (rElec)
You are resistant to unholy torment.
You are immune to petrification.


Message History

Welcome, jagoly the Gargoyle Monk.
Will you prevail where others failed? Will you find the Orb of Zot?
Press ? for a list of commands and other information.
Found a stone and a book of Spectacle.
Found a staircase leading out of the dungeon.
You see here a stone.
e - a stone You pick up a book of Spectacle and begin reading...
You add the spells Volatile Blastmotes, Dazzling Flash, Starburst and Maxwell's Capacitive Coupling to your library.
A frilled lizard comes into view.
The frilled lizard hisses angrily.
A frilled lizard is nearby!
Found a pair of glowing boots.
Found a stone staircase leading down.
You closely miss the frilled lizard. The frilled lizard bites you.
You hit the frilled lizard.
You kill the frilled lizard!
No target in view!
There is a stone staircase leading down here.
You climb downwards.
The goblin shouts!
You hear a bark!
You hear a shout!
Found a sapphire potion and a robe.
There is a stone staircase leading up here.
Found a sling.
The goblin hits you but does no damage.
You hit the goblin.
You kill the goblin!
A jackal comes into view. x2
The jackal barks!
A jackal comes into view. x2
The jackal barks! x2
You see here a sapphire potion.
f - a sapphire potion The jackal closely misses you.
You hit the jackal.
The jackal is almost dead.
The jackal closely misses you.
The jackal bites you but does no damage.
The jackal misses you.
The jackal bites you but does no damage.
You hit the jackal but do no damage. You hit the jackal.
You closely miss the jackal. You hit the jackal.
You kill the jackal!
The jackal bites you but does no damage.
The jackal misses you.
The jackal bites you but does no damage.
You hit the jackal.
The jackal is severely wounded.
You closely miss the jackal. You barely miss the jackal. The jackal misses you.
The jackal bites you. The jackal barely misses you. The jackal bites you.
The jackal bites you but does no damage.
The jackal misses you.
You hit the jackal.
You kill the jackal!
You hit the jackal but do no damage. You hit the jackal. The jackal bites you.
The jackal bites you but does no damage.
The jackal attacks as it pursues you! The jackal bites you.
The jackal completely misses you. The jackal closely misses you.
You see here a jackal corpse.
The jackal attacks as it pursues you!
The jackal bites you but does no damage.
The jackal attacks as it pursues you!
The jackal bites you but does no damage.
The jackal attacks as it pursues you! The jackal closely misses you.
The jackal attacks as it pursues you! The jackal barely misses you.
There is a stone staircase leading up here.
You barely miss the jackal.
The jackal is severely wounded.
The jackal closely misses you.
You hit the jackal but do no damage.
The jackal is severely wounded.
The jackal barely misses you.
The jackal bites you but does no damage.
You hit the jackal.
You kill the jackal!
The jackal bites you.
* * * LOW HITPOINT WARNING * * *
You are too injured to fight recklessly!
You are too injured to fight recklessly!
You hit the jackal but do no damage.
The jackal is severely wounded.
The jackal closely misses you.
You hit the jackal but do no damage.
The jackal is severely wounded.
The jackal barely misses you. The jackal misses you.
You slash the jackal!
You kill the jackal!
You have reached level 2!
You climb upwards.
There is a stone staircase leading down here.
You see here a +1 pair of boots.
You start putting on your armour.
You continue putting on your +1 pair of boots. x4
You finish putting on your +1 pair of boots.
Found a scroll labelled ETOTZA FUOMAE.
h - a scroll labelled ETOTZA FUOMAE HP restored.
Found 11 gold pieces.
A frilled lizard comes into view.
The frilled lizard hisses angrily.
You slash the frilled lizard!
You kill the frilled lizard!
No target in view!
A kobold comes into view. It is wielding a +0 dagger.
The kobold throws a stone.
The stone hits you but does no damage.
You see here 11 gold pieces.
You now have 11 gold pieces.
You barely miss the kobold. The kobold hits you but does no damage.
You hit the kobold but do no damage. The kobold hits you but does no damage.
You hit the kobold.
You kill the kobold!
No target in view!
e - 4 stones (gained 3)
Things that are here:
a +0 dagger; a kobold corpse
Found 2 throwing nets.
Found an amethyst potion.
i - 2 throwing nets
j - an amethyst potion
Found a white potion.
k - a white potion
There is a stone staircase leading down here.
You climb downwards.
There is a stone staircase leading up here.
You see here a jackal corpse.
Found a scroll labelled LAOG BURUTRUV.
A jackal comes into view.
The jackal barks!
Found 2 gold pieces.
You see here a scroll labelled LAOG BURUTRUV.
l - a scroll labelled LAOG BURUTRUV A jackal comes into view.
The jackal bites you but does no damage.
The jackal barks!
You hit the jackal.
The jackal is severely wounded.
The jackal bites you.
You completely miss the jackal.
The jackal is severely wounded.
The jackal completely misses you. The jackal closely misses you.
You hit the jackal.
You kill the jackal!
You hit the jackal.
You kill the jackal!
No target in view!
No target in view!
You now have 13 gold pieces (gained 2).
You open the door.
There is an open door here.
Found a scroll labelled ULO LALA NYT.
Found 13 gold pieces.
Found 6 stones.
m - a scroll labelled ULO LALA NYT A hobgoblin comes into view.
The hobgoblin shouts!
A frilled lizard comes into view.
The frilled lizard hisses angrily.
You see here 13 gold pieces.
You now have 26 gold pieces (gained 13).
You hit the hobgoblin.
The hobgoblin is severely wounded.
The hobgoblin hits you.
You hit the hobgoblin.
You kill the hobgoblin!
You hit the frilled lizard but do no damage.
The frilled lizard closely misses you.
Your Axes skill increases to level 3!
You closely miss the frilled lizard. The frilled lizard barely misses you.
The frilled lizard bites you.
You hit the frilled lizard.
You kill the frilled lizard!
e - 10 stones (gained 6)
Found a stone staircase leading up.
Found a stone staircase leading up.
A dart slug and 2 ribbon worms come into view.
Found a stone staircase leading down.
The ribbon worm expels a string of sticky webbing.
The stream of webbing hits you but does no damage.
You are caught in a web!
There is a web here.
The web tears apart.
The dart slug launches a dart at you. The slug dart misses you.
You hit the ribbon worm.
The ribbon worm is moderately wounded.
The ribbon worm closely misses you.
You hit the ribbon worm but do no damage.
The ribbon worm is moderately wounded.
The ribbon worm expels a string of sticky webbing.
The stream of webbing hits you but does no damage.
You are caught in a web!
You struggle to detach yourself from the web.
The ribbon worm bites you.
The web tears apart.
You hit the ribbon worm.
The ribbon worm is heavily wounded.
The ribbon worm closely misses you.
You hit the ribbon worm.
The ribbon worm is severely wounded.
The ribbon worm expels a string of sticky webbing.
The stream of webbing hits you but does no damage.
You are caught in a web!
You struggle to detach yourself from the web.
The ribbon worm bites you.
You struggle to detach yourself from the web.
The ribbon worm bites you!
* * * LOW HITPOINT WARNING * * *
The web tears apart.
The ribbon worm bites you but does no damage.
You hit the ribbon worm.
The ribbon worm is severely wounded.
You hit the ribbon worm.
The ribbon worm is almost dead.
The ribbon worm misses you.
The dart slug briefly extends its eye-stalks.
You hit the ribbon worm but do no damage.
The ribbon worm is almost dead.
The ribbon worm bites you!
You die...

>...<......
.w....#.. .......
#......# .......#
.....##### .......#
#.......#. ......###
#w..w.....
....###......#
#w#.##....
.............#.#w#.#
.
.....##......#.#@#.#
.....##........#.#.#
.....##......###.#.#
.....##...†......#.#
.............#####..
..........####
..........#
.............
..............


You could see 2 ribbon worms and a dart slug.

Vanquished Creatures
  A hobgoblin (D:2)
  6 jackals (D:2)
  3 frilled lizards
  A goblin (D:2)
  A kobold (D:1)
12 creatures vanquished.

Notes
Turn   | Place    | Note
-------+----------+-------------------------------------------
     0 | D:1      | jagoly the Gargoyle Monk began the quest for the Orb.
     0 | D:1      | Reached XP level 1. HP: 14/14 MP: 1/1
    57 | D:2      | Reached XP level 2. HP: 10/19 MP: 2/2
   329 | D:2      | Slain by a ribbon worm

Illustrated notes

Levels and vault maps discovered:
D:1:      erik_arrival_orb_chamber, layout_basic, basic_ecumenical_altar
D:2:      layout_basic

Skill      XL: |  1  2 |
---------------+-------+-----
Axes           | 3 |  3.0
Fighting       | |  3.4
Armour         | |  0.5
Dodging        | |  2.5
Stealth        | |  0.8

Action                     || total
---------------------------++-------
  Melee: Hand axe          ||    32
 Armour: Robe              ||    28
  Dodge: Dodged            ||    24
